Unix NetHack Version 5.0.0-0 post-release - last build May 22 2026 02:22:16 (99d1c3b6dc4b13757aaa5824b55bdea4e1e63757,branch:main).

Game began 2026-05-22 18:16:19, ended 2026-05-22 18:34:20.

ArrBianca, lawful female dwarven Cavewoman

           ..                                            ---
         --...                                         -.|.---
      ----..|                                          ......|
      |....--                                          -.....|
      |.----                                           |.....-
     --...-                                            |......
     |....*                                            -->...-
     |..s...                                           --.....
     ---@...                                         ---...---
      -.....                                         .<..-.|
      G....                                          ----..|
       ..G                                               p.|

ArrBianca the Wanderer   St:18/02 Dx:16 Co:16 In:7 Wi:10 Ch:7  Lawful
Dlvl:8  $:464 HP:0(56) Pw:15(15) AC:7  Xp:6 T:2447  Burdened

Latest messages:
 The lamp flickers for a moment, then dies.
 The lamp flickers for a moment, then dies.
 Your lamp is now on.
 You hear crashing rock.
 You swap places with the peaceful gnome.
 Uunogruk of Ubaneaiul points all around, then curses.
 You hit Uunogruk of Ubaneaiul!
 Uunogruk of Ubaneaiul casts a spell at you!
 Your brain is on fire!
 You kill Uunogruk of Ubaneaiul!
 Welcome to experience level 6.
 You have a little trouble lifting a copper spellbook.  Continue? [ynq] (q) y
 You have a little trouble lifting R - a copper spellbook.
 J - 2 tripe rations (5 in total).
 $ - 130 gold pieces (464 in total).
 Your movements are slowed slightly because of your load.
 What do you want to read? [rNR or ?*] R
 You feel a wrenching sensation.
 You materialize in a different location!
 You can move again.
 You hear crashing rock.
 You hear crashing rock.
 The giant spider bites!
 You hear crashing rock.
 You hit the giant spider!
 The giant spider bites!
 The giant spider bites!
 The giant spider bites!
 The giant spider's bite was poisoned!
 You miss the giant spider.
 The giant spider bites!
 You miss the giant spider.
 The giant spider bites!
 What do you want to drink? [lnoC or ?*] n
 You feel better.
 The giant spider bites!
 The giant spider bites!
 You hear a chugging sound.
 What do you want to drink? [lnoC or ?*] n
 You feel better.
 The giant spider bites!
 The giant spider bites!
 You miss the giant spider.
 The giant spider bites!
 The giant spider bites!
 The giant spider bites!
 You miss the giant spider.
 The giant spider bites!
 You die...
 Do you want your possessions identified? [ynq] (y) q

Inventory:
 Coins    ('$')
  $ - 464 gold pieces
 Weapons  (')')
  t - 10 cursed +0 arrows
  b - a +2 sling (alternate weapon; not wielded)
  G - a +0 orcish dagger
  a - a +1 club (weapon in right hand)
 Armor    ('[')
  H - a cursed -1 orcish helm
  q - an uncursed +0 oilskin cloak (being worn)
  e - an uncursed +0 leather armor (being worn)
 Comestibles  ('%')
  D - an uncursed food ration
  s - 2 cursed food rations
  m - an uncursed lembas wafer
  P - 2 uncursed melons
  J - 5 uncursed tripe rations
  g - a blessed tin of sauteed newt meat
 Scrolls  ('?')
  r - an uncursed scroll of confuse monster
  N - an uncursed scroll of identify
 Spellbooks  ('+')
  R - an uncursed spellbook of detect monsters
 Potions  ('!')
  l - a cursed potion of gain ability
  o - an uncursed potion of invisibility
  C - an uncursed potion of water
 Rings    ('=')
  x - a cursed ring of teleportation
 Tools    ('(')
  B - an uncursed lock pick
  L - a cursed magic lamp (lit)
  M - an uncursed mirror
  F - an uncursed skeleton key
  O - an uncursed skeleton key
  I - 2 uncursed wax candles
 Gems/Stones  ('*')
  c - 20 uncursed flint stones
  d - 20 uncursed rocks

ArrBianca the Cavewoman's attributes:

Background:
 You were a Wanderer, a level 6 dwarven Cavewoman.
 You were lawful, on a mission for Anu
 who was opposed by Ishtar (neutral) and Anshar (chaotic).
 You were right-handed.
 You were in the Gnomish Mines, on level 8.
 You entered the dungeon 2447 turns ago.
 You had 332 experience points, 308 more were needed to attain level 7.

Basics:
 You had 0 out of 56 hit points.
 You had all 15 energy points (spell power).
 Your armor class was 7.
 Your wallet contained 464 zorkmids.
 Autopickup was on for '$?!/="+%' plus thrown, with exceptions.

Final Characteristics:
 Your strength was 18/02 (limit:18/100).
 Your dexterity was 16 (limit:20).
 Your constitution was 16 (limit:20).
 Your intelligence was 7 (limit:16).
 Your wisdom was 10 (limit:16).
 Your charisma was 7 (limit:16).

Final Status:
 You weren't hungry.
 You were burdened; movement was slightly slowed.
 You were wielding a club.
 You had basic skill with club.

Final Attributes:
 You were piously aligned.
 You were telepathic.
 You had infravision.
 You were guarded.
 You are dead.

Miscellaneous:
 You didn't encounter any bones levels.
 Total elapsed playing time was 18 minutes and 1 second.

Major events:
 Turn
    1: ArrBianca the lawful dwarven Cavewoman entered the dungeon
  799: entered the Gnomish Mines
 1153: attained the rank of Aborigine (level 3)
 1411: reached Mine Town
 2424: attained the rank of Wanderer (level 6)
 2447: killed by a giant spider

You didn't know any spells.

Skills:
 Fighting Skills
   bare handed combat [Basic]
 Weapon Skills
   dagger             [Unskilled]
   knife              [Unskilled]
   axe                [Unskilled]
   pick-axe           [Unskilled]
   club               [Basic]
   mace               [Unskilled]
   morning star       [Unskilled]
   flail              [Unskilled]
   hammer             [Unskilled]
   quarterstaff       [Unskilled]
   polearms           [Unskilled]
   spear              [Unskilled]
   trident            [Unskilled]
   bow                [Unskilled]
   sling              [Basic]
   boomerang          [Unskilled]
   unicorn horn       [Unskilled]
 Spellcasting Skills
   attack spells      [Unskilled]
   matter spells      [Unskilled]

Voluntary challenges:
 Character rerolling was not enabled.
 You never had a pet.
 You never genocided any monsters.
 You never polymorphed an object.
 You never changed form.
 You used no wishes.
Achievements:
 You entered the Gnomish Mines.
 You attained the rank of Aborigine.
 You entered Minetown.
 You attained the rank of Wanderer.

 The Dungeons of Doom: levels 1 to 2
    Level 1:
    Level 2:
       Some fountains.
       Stairs down to The Gnomish Mines.
 The Gnomish Mines: levels 3 to 8
    Level 3:
    Level 4:
    Level 5:
       An altar, a fountain.
    Level 6:
    Level 7:
    Level 8: <- You were here.
       Final resting place for
          you, killed by a giant spider.


Vanquished creatures:
 an orc-captain
 an iron piercer
  a Mordor orc
  2 Uruk-hai
  3 orc shamans
  a floating eye
  a homunculus
  4 hill orcs
  a rothe
  2 dwarf zombies
  a werejackal
 an iguana
  2 orcs
  2 giant rats
  a gnome
  4 jackals
  a fox
  a goblin
  5 grid bugs
  4 lichens
  2 kobold zombies
  3 newts
44 creatures vanquished.

No species were genocided or became extinct.

Game over:
                       ----------
                      /          \
                     /    REST    \
                    /      IN      \
                   /     PEACE      \
                  /                  \
                  |    ArrBianca     |
                  |      464 Au      |
                  |   killed by a    |
                  |   giant spider   |
                  |                  |
                  |                  |
                  |       2026       |
                 *|     *  *  *      | *
        _________)/\\_//(\/(/\)/\//\/|_)_______

Goodbye ArrBianca the Cavewoman...

You died in The Gnomish Mines on dungeon level 8 with 2136 points,
and 464 pieces of gold, after 2447 moves.
You were level 6 with a maximum of 56 hit points when you died.

